 Dungeon Crawl Stone Soup version 0.31-a0-1308-ga3cce3a448 (webtiles) character file.

Game seed: 14809534821401847790

704 Ekaitz the Firebug (level 7, -1/51 HPs)
             Began as a Demonspawn Fire Elementalist on Dec 19, 2023.
             Slain by Pikel
             ... wielding a +1 whip of flaming
              (11 damage)
             ... on level 4 of the Dungeon.
             The game lasted 00:10:17 (4579 turns).

Ekaitz the Firebug (Demonspawn Fire Elementalist)   Turns: 4579, Time: 00:10:17

Health: -1/51      AC:  2    Str:  9    XL:     7   Next: 39%
Magic:  3/11       EV: 12    Int: 17    God:
Gold:   288        SH:  6    Dex: 13    Spells: 1/12 levels left

rFire   . . .        i - +0 dagger
rCold   . . .        (no shield)
rNeg    . . .        a - +0 robe
rPois   .            (no helmet)
rElec   .            (no cloak)
rCorr   .            (no gloves)
SInv    .            (no boots)
Will    .....        (no amulet)
Stlth   ++           (no ring)
HPRegen 0.28/turn    (no ring)
MPRegen 0.12/turn

%: no passive effects
@: no status effects
A: large bone plates 2, ignite blood 2, demonic magic 1
a: no special abilities


You were on level 4 of the Dungeon.
You visited 1 branch of the dungeon, and saw 4 of its levels.

You collected 288 gold pieces.

Inventory:

Hand Weapons
 i - a +0 dagger (weapon)
Missiles
 h - 11 poisoned darts
 l - 2 javelins
Armour
 a - a +0 robe (worn)
 r - a +0 leather armour of cold resistance
Wands
 o - a wand of mindburst (13)
 p - a wand of flame (22)
Scrolls
 d - 2 scrolls of identify {unknown}
 e - a scroll of torment {unknown}
 j - a scroll of fear {unknown}
 k - a scroll of blinking {unknown}
 q - 2 scrolls of teleportation {unknown}
 s - 2 scrolls of summoning {unknown}
Potions
 b - a potion of magic
 c - a potion of haste {unknown}
 f - 3 potions of degeneration {unknown}
 g - a potion of heal wounds {unknown}
 m - a potion of invisibility {unknown}
 n - a potion of curing {unknown}


   Skills:
 * Level 2.3 Fighting
 + Level 0.8 Short Blades
 + Level 2.0 Dodging
 + Level 3.5 Stealth
 + Level 0.6 Shields
 + Level 3.1 Spellcasting
 * Level 2.7 Conjurations
 * Level 1.5 Hexes
 + Level 2.4 Translocations
 * Level 4.5 Fire Magic
 + Level 0.1 Evocations


You had one spell level left.
You knew the following spells:

 Your Spells              Type           Power      Damage    Failure   Level
a - Foxfire               Conj/Fire      60%        2x1d7     3%          1
b - Scorch                Fire           36%        2d6       4%          2
c - Volatile Blastmotes   Fire/Tloc      28%        2d12      12%         3
i - Inner Flame           Hex/Fire       13%        N/A       14%         3
u - Sublimation of Blood  Necr           2%         N/A       26%         2

Your spell library contained the following spells:

 Spells                   Type           Power      Damage    Failure   Level
 Slow                     Hex            28%        N/A       9%          1
 Wereblood                Tmut           2%         N/A       26%         2
 Confusing Touch          Hex            7%         N/A       26%         3
 Sigil of Binding         Hex            7%         N/A       26%         3
 Flame Wave               Conj/Fire      15%        2d7       36%         4
 Vampiric Draining        Necr           2%         2d6       45%         3
 Brom's Barrelling Bould  Conj/Erth      7%         2d3       69%         4
 Irradiate                Conj/Tmut      3%         3d12      95%         5
 Alistair's Intoxication  Tmut/Pois      1%         N/A       99%         5
 Borgnjor's Vile Clutch   Necr/Erth      1%         N/A       99%         5
 Eringya's Noxious Bog    Tmut/Pois      1%         4d6       100%        6
 Summon Hydra             Summ           1%         N/A       100%        7


Dungeon Overview and Level Annotations

Branches:
Dungeon (4/15)
 Temple: D:4-7

Altars:
Nemelex Xobeh
Trog

Annotations:
D:4 Pikel


Innate Abilities, Weirdness & Mutations

You are mostly covered in large bone plates. (SH +6)
Your demonic aura often causes spilled blood to erupt in flames.
Spells you cast may paralyse adjacent enemies.


Message History

Pikel says, "You'll make a fine lemure."
Pikel closely misses you.
Casting: Scorch (safe; 4% risk of failure)
Confirm with . or Enter, or press ? or * to list all spells.
Flames lash the jackal.
The jackal is severely wounded.
The jackal's fire resistance burns away.
Malevolent energies surge around you.
The lemure is no longer more vulnerable to fire.
Pikel hits you with a +1 whip of flaming.
Pikel burns you.
Aiming: Throw Flame
Press: ? - help, Shift-Dir - straight line, f - Pikel
Aim: Pikel, wielding a +1 whip of flaming and wearing a +0 robe (lightly wounded, more vulnerable to fire, 60% to hit)
The puff of flame hits Pikel.
Pikel is burned terribly!
Pikel is lightly wounded.
Pikel hits you with a +1 whip of flaming!
Pikel burns you.
Pikel is no longer more vulnerable to fire.
Pikel is engulfed in blazing flames.
Pikel attacks as he pursues you!
Pikel hits you with a +1 whip of flaming!
* * * LOW HITPOINT WARNING * * *
Pikel burns you.
* * * LOW HITPOINT WARNING * * *
Unknown command.
Casting: Scorch (safe; 4% risk of failure)
Confirm with . or Enter, or press ? or * to list all spells.
Flames lash the lemure.
The lemure is moderately wounded.
The lemure's fire resistance burns away.
Malevolent energies surge around you.
The jackal is no longer more vulnerable to fire.
Pikel is engulfed in blazing flames.
You block Pikel's attack.
Unknown command.
Pikel is engulfed in blazing flames.
Pikel cracks his whip.
Pikel attacks as he pursues you!
Pikel hits you with a +1 whip of flaming!
You die...
Pikel says, "Another soul for the market."

#.# #.# #.# # #.#
#. #.# #.. #.#
#...#######.#######
+.?.55○☼K@.>.......
##..h5#####.#######
#..5h# #.# #....#
#.# #..5.# #.#
#....# #.# #....#
#.# #....# #.# #.#


You could see Pikel, 3 lemures and a jackal.

Vanquished Creatures
  Eustachio (D:4)
  A black bear (D:3)
  An ogre (D:4)
  Natasha (thrice) (D:2)
  18 gnolls (D:3)
  3 adders
  2 dart slugs
  An orc (D:4)
  6 ball pythons
  7 endoplasms
  4 giant cockroaches
  3 goblins
  8 hobgoblins
  A jackal (D:4)
  38 kobolds
  4 quokkas
  8 bats
  4 frilled lizards
  9 rats
122 creatures vanquished.

Vanquished Creatures (others)
  227 foxfires
227 creatures vanquished.

Grand Total: 349 creatures vanquished

Notes
Turn   | Place    | Note
-------+----------+-------------------------------------------
     0 | D:1      | Ekaitz the Demonspawn Fire Elementalist began the quest for
                  | the Orb.
     0 | D:1      | Reached XP level 1. HP: 13/13 MP: 3/3
   212 | D:1      | Reached skill level 3 in Fire Magic
   342 | D:1      | Gained mutation: Spells you cast may paralyse adjacent
                  | enemies. [demonic ancestry]
   342 | D:1      | Reached XP level 2. HP: 20/20 MP: 0/5
   367 | D:1      | Learned a level 2 spell: Scorch
   835 | D:1      | Reached XP level 3. HP: 18/25 MP: 1/6
   839 | D:1      | Learned a level 3 spell: Volatile Blastmotes
   959 | D:1      | Got Wiav's Treatise on Forceful Incandescence
  1136 | D:2      | Reached skill level 1 in Fighting
  1144 | D:2      | Noticed Natasha
  1149 | D:2      | Killed Natasha
  1305 | D:2      | Gained mutation: You are partially covered in large bone
                  | plates. (SH +4) [demonic ancestry]
  1305 | D:2      | Reached XP level 4. HP: 32/32 MP: 3/7
  1751 | D:2      | Noticed Natasha
  1760 | D:2      | Killed Natasha
  1761 | D:2      | Reached skill level 1 in Translocations
  1951 | D:2      | Noticed Natasha
  1956 | D:2      | Killed Natasha
  1957 | D:2      | Gained mutation: Your demonic aura sometimes causes spilled
                  | blood to erupt in flames. [demonic ancestry]
  1957 | D:2      | Reached XP level 5. HP: 18/38 MP: 4/8
  2133 | D:3      | Found a sparkling altar of Nemelex Xobeh.
  2729 | D:3      | Reached skill level 4 in Fire Magic
  2817 | D:3      | Gained mutation: Your demonic aura often causes spilled
                  | blood to erupt in flames. [demonic ancestry]
  2817 | D:3      | Reached XP level 6. HP: 17/44 MP: 0/9
  2997 | D:3      | Found a faded altar of an unknown god.
  4066 | D:4      | Found a bloodstained altar of Trog.
  4089 | D:3      | Reached skill level 1 in Hexes
  4198 | D:4      | Gained mutation: You are mostly covered in large bone
                  | plates. (SH +6) [demonic ancestry]
  4198 | D:4      | Reached XP level 7. HP: 50/50 MP: 3/11
  4343 | D:4      | Noticed Eustachio
  4394 | D:4      | Killed Eustachio
  4407 | D:4      | Learned a level 3 spell: Inner Flame
  4410 | D:4      | Learned a level 2 spell: Sublimation of Blood
  4556 | D:4      | Noticed Pikel
  4579 | D:4      | Slain by Pikel

Illustrated notes

Levels and vault maps discovered:
D:1:      dpeg_arrival_boxes_within_box, layout_rooms, minmay_close_crescents
D:2:      layout_basic, hangedman_decor_clover_reticule, dk_noncrumbling_2,
          hex_large, grunt_ministairs_13, minmay_misc_feat_plants, uniq_natasha
D:3:      minmay_goblin_kobold_castle, layout_loops_ring,
          nemelex_diamond_rough_becter, shapermc_ecumenical_altar_mp_highgroup,
          serial_forest, infiniplex_forest_3_way, infiniplex_forest_clump_long,
          infiniplex_forest_straight_2, infiniplex_forest_corner_1,
          infiniplex_forest_lined_2, infiniplex_forest_clump_double,
          infiniplex_forest_corner_1, infiniplex_forest_lined_4_way
D:4:      layout_basic, trog_ov_bears_minmay, nicolae_overflow_crystal_walls,
          kennysheep_generic_room_5, uniq_pikel, uniq_eustachio

Skill      XL: |  1  2  3  4  5  6  7 |
---------------+----------------------+-----
Fire Magic     | 3 4 |  4.5
Fighting       | 1 2 |  2.3
Stealth        | 2 3 |  3.5
Translocations | 1 2 |  2.4
Conjurations   | 2 |  2.7
Dodging        | 2 |  2.0
Hexes          | 1 |  1.5
Spellcasting   | 3 |  3.1
Short Blades   | |  0.8
Shields        | |  0.6
Evocations     | |  0.1

Action                     |  1- 3 |  4- 6 |  7- 9 || total
---------------------------+-------+-------+-------++-------
  Melee: Unarmed           |     1 |       |       ||     1
         Dagger            |    24 |    89 |    32 ||   145
   Cast: Foxfire           |    37 |    81 |     5 ||   123
         Scorch            |     5 |    16 |    11 ||    32
  Evoke: Wand              |       |       |     4 ||     4
   Stab: Paralysed         |     5 |    32 |     4 ||    41
         Sleeping          |     4 |     4 |       ||     8
 Armour: Robe              |    16 |    76 |    26 ||   118
  Dodge: Dodged            |    10 |    67 |    19 ||    96
  Block: Other             |       |    25 |     9 ||    34

Table legend: (Time is in decaauts)
 A = Elapsed time spent in this place.
 B = Non-inter-level travel time spent in this place.
 C = Inter-level travel time spent in this place.
 D = Time resting spent in this place.
 E = Time spent auto-exploring this place.
 F = Levels seen in this place.
 G = Mean time per level.
                   A        B        C        D        E       F      G
               +--------+--------+--------+--------+--------+-----+--------+
         Total |   4594 |   4430 |    164 |     56 |   3484 |   4 | 1148.5 |
       Dungeon |   4594 |   4430 |    164 |     56 |   3484 |   4 | 1148.5 |
               +--------+--------+--------+--------+--------+-----+--------+

Top non-repeatable levels by time:
     D:3: 2156 daAuts
     D:1: 1077 daAuts
     D:2: 898 daAuts
     D:4: 463 daAuts
